 Dungeon Crawl Stone Soup version 0.27.1-34-g3ba077fa99 (webtiles) character file.

Game seed: 9037735196208948262

30158 MisterFreud the Basher (level 13, -1/128 HPs)
             Began as a Troll Berserker on Jan 28, 2022.
             Was a High Priest of Trog.
             Slain by a boulder beetle (27 damage)
             ... on level 14 of the Dungeon.
             The game lasted 00:23:40 (10970 turns).

MisterFreud the Basher (Troll Berserker)           Turns: 10970, Time: 00:23:41

Health: -1/128     AC:  8    Str: 32    XL:     13   Next: 19%
Magic:  4/4        EV: 11    Int:  5    God:    Trog [*****.]
Gold:   941        SH: 11    Dex: 11    Spells: 12/12 levels left

rFire    . . .     SeeInvis .   u - +6 whip "Vuma" {antimagic, Str+4}
rCold    + . .     Faith    .   N - +0 kite shield {rC+}
rNeg     . . .     Spirit   .   D - +0 steam dragon scales
rPois    .         Reflect  .   (helmet restricted)
rElec    .         Harm     .   d - +0 cloak
rCorr    .         Rampage  .   (gloves unavailable)
Will     +++..                  (boots unavailable)
Stlth    +.........             z - amulet of the acrobat
HPRegen  2.31/turn              y - +4 ring of slaying
MPRegen  0.09/turn              l - ring of willpower

@: strong-willed, on berserk cooldown, regenerating, slowed, very slow
A: large, unfitting armour, claws 3, regeneration 1, shaggy fur 1, tough skin 1
a: Renounce Religion, Berserk, Trog's Hand, Brothers in Arms


You were on level 14 of the Dungeon.
You worshipped Trog.
Trog was extremely pleased with you.
You visited 1 branch of the dungeon, and saw 14 of its levels.
You also visited: Ice Cave.

You collected 941 gold pieces.

Inventory:

Hand Weapons
 a - a +0 mace
 f - a +4 morningstar
 q - a +0 giant spiked club
 s - a +2 whip of freezing
 u - the +6 whip "Vuma" (weapon) {antimagic, Str+4}
   (You took it off a gnoll on level 6 of the Dungeon)

   It reduces the magical energy of the wielder, and disrupts the spells and
   magical abilities of those it strikes.
   Natural abilities and divine invocations are not affected.
   Str:       It affects your strength (+4).
Missiles
 e - 57 poisoned darts
 o - a throwing net
 r - a curare-tipped dart
 t - 7 javelins
 R - 3 boomerangs
 W - 4 large rocks (quivered)
Armour
 b - a +0 animal skin
 d - a +0 cloak (worn)
 D - +0 steam dragon scales (worn)
 N - a +0 kite shield of cold resistance (worn)
Jewellery
 c - a +6 ring of intelligence
 j - a ring of poison resistance
 l - a ring of willpower (right claw)
 m - a ring of protection from fire
 n - a +6 ring of dexterity
 y - a +4 ring of slaying (left claw)
 z - an amulet of the acrobat (around neck)
 B - a ring of flight
 E - a ring of ice
 G - a ring of positive energy
 L - a +6 ring of intelligence
 U - a ring of see invisible
 Y - a +6 ring of dexterity
Wands
 k - a wand of acid (16)
 x - a wand of polymorph (14)
 F - a wand of paralysis (19)
 K - a wand of flame (22)
 P - a wand of iceblast (4)
Scrolls
 h - 3 scrolls of torment {unknown}
 v - 5 scrolls of teleportation
 A - a scroll of enchant armour {unknown}
 H - a scroll of magic mapping
 O - a scroll of immolation {unknown}
 Q - a scroll of noise {unknown}
 T - a scroll of summoning {unknown}
 X - a scroll of acquirement {unknown}
Potions
 g - 7 potions of curing {unknown}
 i - 2 potions of lignification
 p - a potion of haste
 w - 3 potions of heal wounds
 C - a potion of magic
 M - 2 potions of cancellation
 S - a potion of attraction
Miscellaneous
 I - a phantom mirror (inert)
 V - a condenser vane (inert)
 Z - a box of beasts


   Skills:
 + Level 8.5 Fighting
 - Level 14.0 Maces & Flails
 - Level 5.0 Throwing
 + Level 8.5 Dodging
 * Level 6.1 Shields
 + Level 2.0 Evocations


You had 12 spell levels left.
You didn't know any spells.
Your spell library was empty.

Dungeon Overview and Level Annotations

Branches:
Dungeon (14/15)            Temple (0/1) D:4            Lair (0/6) D:9
    Orc (0/2) D:10         Vaults (0/5) D:13          IceCv (visited)

Altars:
Ashenzari
Fedhas
Nemelex Xobeh
Qazlal
Ru
Sif Muna
Uskayaw
Xom
Yredelemnul
Zin

Shops:
D:6 =

Annotations:
D:5 3 runed translucent doors, Manslay's ghost, novice OpCj; diceflayer's ghost, novice MiBe; mcbry74's ghost, novice TrMo


Innate Abilities, Weirdness & Mutations

You are too large for most types of armour.
You have claws for hands.
Your natural rate of healing is unusually fast.
You are covered in fur. (AC +1)
You have tough skin. (AC +1)


Message History

The yaktaur appears confused.
The yaktaur hits the water elemental!
The yaktaur hits itself!
The yaktaur is engulfed in noxious fumes.
The yaktaur hits you!
* * * LOW HITPOINT WARNING * * *
The boulder beetle is engulfed in noxious fumes.
The boulder beetle seems to be having trouble coordinating all six of its legs.
You hear a horrible gurgling sound!
You hit the yaktaur.
The yaktaur is severely wounded.
The yaktaur is engulfed in noxious fumes.
The boulder beetle is engulfed in noxious fumes.
You whack the yaktaur!
You kill the yaktaur!
Trog accepts your kill.
The yaktaur is engulfed in noxious fumes.
The boulder beetle is engulfed in noxious fumes.
The boulder beetle appears confused.
The boulder beetle barely misses you.
Unknown command.
You whack the boulder beetle!
The boulder beetle is lightly wounded.
The yaktaur is engulfed in noxious fumes.
The yaktaur appears confused.
The yaktaur is engulfed in noxious fumes.
Unknown command.
You whack the boulder beetle!
The boulder beetle is moderately wounded.
The boulder beetle is engulfed in noxious fumes.
The boulder beetle appears confused.
The boulder beetle bites you!
* * * LOW HITPOINT WARNING * * *
The yaktaur is engulfed in noxious fumes.
The yaktaur appears confused.
Something hits the yaktaur but does no damage.
Unknown command.
Unknown command.
You whack the boulder beetle!
The boulder beetle is heavily wounded.
The boulder beetle is engulfed in noxious fumes.
The boulder beetle bites you!!
You die...

###########
#.........#
#..##.....#
#..##.#..u#####
#.@##.#u.u.u...
#.§BEcc°#°#
##☼###§##B# #.#
#.# E#
#.###E##.#
#....cc..#
#####.#### #c#
#$.#


You could see a boulder beetle (confused), 2 yaktaurs and a water elemental.

Vanquished Creatures
  A reaper (IceCv)
  Azrael (D:13)
  A boulder beetle (D:12)
  2 hydras
  Erolcha (D:9)
  A centaur warrior (D:13)
  A death knight (D:11)
  Erica (D:9)
  2 dancing weapons (D:13)
  Urug (D:10)
  4 two-headed ogres
  A skeletal warrior (D:11)
  Pikel (D:6)
  A cyclops (D:13)
  A manticore (D:12)
  Maurice (D:8)
  Joseph (D:9)
  An ice statue (IceCv)
  A gargoyle (D:10)
  Maggie (D:8)
  2 yaktaurs
  4 kobold demonologists
  A freezing wraith (D:11)
  An ice devil (IceCv)
  2 anaconda simulacra (IceCv)
  2 trolls (D:12)
  Prince Ribbit (D:8)
  5 slime creatures
  A hornet (D:9)
  A shadow (D:12)
  3 wyverns
  A vampire (D:13)
  4 yaks
  5 fire elementals (D:13)
  5 wraiths
  2 death yak simulacra (IceCv)
  4 vampire mosquitoes
  Menkaure (D:5)
  2 harpy simulacra (IceCv)
  2 acid dragons
  3 hell hounds (D:13)
  7 orc warriors
  2 water moccasins
  A swamp drake (D:10)
  A black bear (D:6)
  A sky beast (D:6)
  A necrophage (D:10)
  4 ice beasts
  5 ogres
  3 centaurs
  A phantom (D:6)
  A lemure (D:6)
  3 kobold brigands
  2 wyvern zombies
  6 cane toad simulacra (IceCv)
  3 two-headed ogre simulacra (IceCv)
  9 wights
  9 killer bees
  An elephant simulacrum (IceCv)
  4 howler monkeys
  7 centaur zombies
  A bullfrog zombie (D:5)
  A human zombie (D:10)
  4 hounds
  6 orc priests
  4 centaur skeletons
  2 jellies
  2 iguanas
  11 orc wizards
  2 polar bear simulacra (IceCv)
  6 troll simulacra (IceCv)
  A wolf simulacrum (IceCv)
  6 spriggan simulacra (IceCv)
  2 killer bee zombies
  2 hound skeletons (D:4)
  2 mummies (D:10)
  2 howler monkey zombies (D:10)
  4 gnolls (D:6)
  A howler monkey skeleton (D:5)
  8 adders
  5 naga simulacra (IceCv)
  16 white imps
  5 ufetubi (IceCv)
  2 dart slugs (D:1)
  31 orcs
  8 ball pythons
  10 endoplasms
  2 giant cockroaches
  7 goblins
  9 hobgoblins
  5 quokkas
  4 bats
  4 frilled lizards
  19 kobolds
  4 rats
346 creatures vanquished.

Vanquished Creatures (collateral kills)
  A two-headed ogre simulacrum (IceCv)
1 creature vanquished.

Vanquished Creatures (others)
  26 plants (D:8)
26 creatures vanquished.

Grand Total: 373 creatures vanquished

Notes
Turn   | Place    | Note
-------+----------+-------------------------------------------
     0 | D:1      | MisterFreud the Troll Berserker began the quest for the
                  | Orb.
     0 | D:1      | Reached XP level 1. HP: 22/22 MP: 0/0
    73 | D:1      | Reached skill level 3 in Maces & Flails
   229 | D:1      | Reached XP level 2. HP: 29/29 MP: 1/1
   690 | D:2      | Reached XP level 3. HP: 36/36 MP: 2/2
   724 | D:2      | Reached ** piety under Trog
   725 | D:2      | Reached skill level 4 in Maces & Flails
   973 | D:2      | Noticed an ogre
   998 | D:2      | Killed an ogre
   999 | D:2      | Reached skill level 5 in Maces & Flails
   999 | D:2      | Reached XP level 4. HP: 44/44 MP: 3/3
  1054 | D:2      | Reached XP level 5. HP: 50/50 MP: 4/4
  1897 | D:3      | Noticed an ice beast
  1906 | D:3      | Killed an ice beast
  1907 | D:3      | Reached skill level 6 in Maces & Flails
  1907 | D:3      | Reached XP level 6. HP: 59/59 MP: 5/5
  2183 | D:4      | Found a stormy altar of Qazlal.
  2224 | D:4      | Noticed a water moccasin
  2232 | D:4      | Killed a water moccasin
  2316 | D:4      | Reached *** piety under Trog
  2321 | D:4      | Found a glowing silver altar of Zin.
  2358 | D:4      | Reached skill level 7 in Maces & Flails
  2413 | D:4      | Found a hide-covered altar of Uskayaw.
  2475 | D:4      | Found a staircase to the Ecumenical Temple.
  2669 | D:5      | Entered Level 5 of the Dungeon
  2809 | D:5      | Reached XP level 7. HP: 59/66 MP: 6/6
  2875 | D:5      | Found a broken altar of Ashenzari.
  2949 | D:5      | Reached skill level 8 in Maces & Flails
  3047 | D:5      | Found a shimmering altar of Xom.
  3153 | D:5      | Noticed Menkaure
  3164 | D:5      | Killed Menkaure
  3165 | D:5      | Reached XP level 8. HP: 20/76 MP: 7/7
  3217 | D:5      | Found a runed translucent gate.
  3219 | D:5      | Found a runed translucent gate.
  3220 | D:5      | Found a runed translucent gate.
  3222 | D:5      | Noticed diceflayer's ghost (novice MiBe)
  3222 | D:5      | Noticed Manslay's ghost (novice OpCj)
  3222 | D:5      | Noticed mcbry74's ghost (novice TrMo)
  3330 | D:5      | Found a sacrificial altar of Ru.
  3475 | D:6      | Found Ereg's Jewellery Boutique.
  3516 | D:6      | Noticed Pikel
  3526 | D:6      | Killed Pikel
  3590 | D:6      | Reached skill level 5 in Fighting
  3590 | D:6      | Reached skill level 5 in Dodging
  3594 | D:6      | Reached skill level 1 in Throwing
  3639 | D:6      | Found a blossoming altar of Fedhas.
  3762 | D:6      | Identified the +6 whip "Vuma" {antimagic, Str+4}
  3844 | D:6      | Reached XP level 9. HP: 80/88 MP: 2/8
  3967 | D:6      | You fall into a shaft and drop 2 floors!
  4112 | D:6      | Reached **** piety under Trog
  4429 | D:6      | Reached skill level 9 in Maces & Flails
  4597 | D:7      | Found a sparkling altar of Nemelex Xobeh.
  4686 | D:7      | Found a shimmering blue altar of Sif Muna.
  5288 | D:8      | Noticed Maurice
  5311 | D:8      | Killed Maurice
  5312 | D:8      | Reached skill level 10 in Maces & Flails
  5312 | D:8      | Reached skill level 5 in Throwing
  5391 | D:8      | Noticed Prince Ribbit
  5400 | D:8      | Killed Prince Ribbit
  5438 | D:8      | Noticed Maggie
  5451 | D:8      | Killed Maggie
  5452 | D:8      | Reached XP level 10. HP: 94/96 MP: 3/9
  5864 | D:9      | Noticed Erica
  5883 | D:9      | Killed Erica
  5884 | D:9      | Reached skill level 11 in Maces & Flails
  5966 | D:9      | Noticed a two-headed ogre
  5974 | D:9      | Killed a two-headed ogre
  6031 | D:9      | Found a staircase to the Lair.
  6124 | D:9      | Noticed a sixfirhy
  6135 | D:9      | Reached skill level 12 in Maces & Flails
  6220 | D:9      | Noticed Erolcha
  6229 | D:9      | Killed Erolcha
  6275 | D:9      | Noticed Joseph
  6330 | D:9      | Killed Joseph
  6569 | D:10     | Entered Level 10 of the Dungeon
  6626 | D:10     | Noticed a two-headed ogre
  6632 | D:10     | Reached XP level 11. HP: 102/102 MP: 3/10
  6639 | D:10     | Killed a two-headed ogre
  6640 | D:10     | Reached skill level 13 in Maces & Flails
  6692 | D:10     | Noticed Urug
  6719 | D:10     | Killed Urug
  7024 | D:10     | Noticed a two-headed ogre
  7032 | D:10     | Killed a two-headed ogre
  7064 | D:10     | Reached ***** piety under Trog
  7136 | D:10     | Found a staircase to the Orcish Mines.
  7292 | D:10     | Reached skill level 14 in Maces & Flails
  7392 | D:10     | Found a basalt altar of Yredelemnul.
  7799 | D:11     | Found a frozen archway.
  7840 | IceCv    | Entered an ice cave
  8152 | IceCv    | HP: 4/160 [ice devil (5)]
  8242 | IceCv    | Noticed a reaper
  8272 | IceCv    | Killed a reaper
  8273 | IceCv    | Reached XP level 12. HP: 24/115 MP: 3/11
  9005 | D:12     | Noticed a five-headed hydra
  9020 | D:12     | Killed a five-headed hydra
  9020 | D:12     | Received a gift from Trog
  9021 | D:12     | Reached skill level 1 in Shields
  9093 | D:12     | Noticed a death knight
  9379 | D:12     | Noticed a boulder beetle
  9403 | D:12     | Killed a boulder beetle
  9485 | D:11     | Killed a death knight
  9683 | D:12     | Noticed a two-headed ogre
  9693 | D:12     | Killed a two-headed ogre
 10175 | D:13     | Noticed an eight-headed hydra
 10186 | D:13     | Killed an eight-headed hydra
 10292 | D:13     | Reached skill level 5 in Shields
 10401 | D:13     | Reached skill level 1 in Evocations
 10437 | D:13     | Noticed Azrael
 10470 | D:13     | Killed Azrael
 10471 | D:13     | Reached XP level 13. HP: 65/128 MP: 4/12
 10683 | D:13     | Found a gate to the Vaults.
 10953 | D:14     | HP: 2/128 [white ugly thing (13)]
 10970 | D:14     | Slain by a boulder beetle

Illustrated notes

Levels and vault maps discovered:
D:1:      heliophobic_arrival_ceremonial_halls, layout_basic
D:2:      layout_basic, kennysheep_generic_room_7
D:3:      layout_loops_corners, chequers_serial_rivers_marsh
D:4:      layout_rooms, nicolae_uskayaw_murder_on_the_dancefloor, zin_statuary,
          nicolae_qazlal_general_emergency, minmay_temple_entry_mist
D:5:      layout_basic, kennysheep_mini, cheibrodos_ashenzari_chains,
          xom_teletrap_fun, gammafunk_ghost_cemetery, lemuel_old_faithful,
          uniq_menkaure
D:6:      minmay_spotlight, layout_rooms, mainiacjoe_overflow_tiny_flanked,
          serial_shops, shop, minmay_misc_feat_x, uniq_pikel
D:7:      layout_basic, mainiacjoe_overflow_small_starburst,
          kennysheep_orc_sif_temple
D:8:      layout_basic, kennysheep_boxes, uniq_maurice, uniq_prince_ribbit1,
          uniq_maggie
D:9:      layout_cave_pools, lair_entry_dummy, uniq_joseph, uniq_erolcha,
          uniq_erica
D:10:     layout_cave_pools, lemuel_mausoleum_altar_yredelemnul, erik_orc_1,
          uniq_urug
D:11:     layout_roguey, portal_ice_cave_entry_imps
D:12:     layout_basic
D:13:     layout_rooms, erik_vaults_1, uniq_azrael
D:14:     layout_loops_corners, serial_park_fountain

Skill      XL: |  1  2  3  4  5  6  7  8  9 10 11 12 13 |
---------------+----------------------------------------+-----
Maces & Flails | 3 5 6 7 8 10 12 14 | 14.0
Fighting       | 3 5 6 8 |  8.5
Dodging        | 3 5 6 8 |  8.5
Throwing       | 2 5 |  5.0
Shields        | 5 6 |  6.1
Evocations     | 1 2 |  2.0

Action                   |  1- 3 |  4- 6 |  7- 9 | 10-12 | 13-15 || total
-------------------------+-------+-------+-------+-------+-------++-------
Melee: Mace              |   107 |   154 |    89 |       |       ||   350
       Whip              |       |       |   244 |   824 |    89 ||  1157
Invok: Berserk           |     1 |     2 |     8 |    15 |     1 ||    27
       Trog's Hand       |       |       |     1 |    10 |     2 ||    13
Evoke: Wand              |       |       |       |     1 |       ||     1
       Phantom mirror    |       |       |       |     1 |       ||     1
       Condenser vane    |       |       |       |       |     1 ||     1
  Use: Scroll            |       |       |       |    13 |     4 ||    17
       Potion            |       |       |       |       |     1 ||     1
 Stab: Sleeping          |     1 |     4 |       |       |       ||     5
       Distracted        |       |       |       |     2 |       ||     2
Armor: Animal skin       |    43 |    56 |    55 |       |       ||   154
       Steam dragon scal |       |       |       |   165 |    14 ||   179
Dodge: Dodged            |    71 |    85 |   119 |   362 |    27 ||   664
Block: Kite shield       |       |       |       |    91 |    38 ||   129
